 Dungeon Crawl Stone Soup version 0.25-a0-565-g8875c97ebb (webtiles) character file.

Game seed: 1198105381166554206, levelgen mode: deterministic

738 MisterFreud the Ducker (level 7, -3/50 HPs)
             Began as an Octopode Artificer on Feb 26, 2020.
             Was an Initiate of Cheibriados.
             Slain by Dowan
             ... wielding a +0 dagger of electrocution
              (20 damage)
             ... on level 5 of the Dungeon.
             The game lasted 00:08:55 (4580 turns).

MisterFreud the Ducker (Octopode Artificer)         Turns: 4580, Time: 00:08:56

Health: -3/50      AC:  1    Str: 13    XL:     7   Next: 75%
Magic:  9/9        EV: 13    Int: 16    God:    Cheibriados [......]
Gold:   236        SH: 14    Dex: 17    Spells: 6/6 levels left

rFire    . . .     SeeInvis .   a - +1 short sword
rCold    . . .     Gourm    .   u - +2 tower shield
rNeg     . . .     Faith    .   (helmet restricted)
rPois    .         Spirit   .   (no amulet)
rElec    .         Reflect  .   q - +4 ring of dexterity
rCorr    .         Harm     .   (no ring)
MR       .....                  (no ring)
Stlth    +++.......             (no ring)
HPRegen  0.16/turn              (no ring)
MPRegen  0.11/turn              (no ring)
                                (no ring)
                                (no ring)

@: very slow
A: almost no armour, stealthy swim, amphibious, 8 rings, constrict 8, camouflage
1, gelatinous body 1
a: Bend Time, Renounce Religion


You were on level 5 of the Dungeon.
You worshipped Cheibriados.
Cheibriados was noncommittal.
You were not hungry.

You visited 1 branch of the dungeon, and saw 6 of its levels.

You collected 236 gold pieces.

Inventory:

Hand Weapons
 a - a +1 short sword (weapon)
Armour
 u - a +2 tower shield (worn)
Jewellery
 q - a +4 ring of dexterity (left tentacle)
Wands
 b - a wand of flame (14)
 c - a wand of enslavement (13)
 d - a wand of random effects (15)
 i - a wand of digging (4)
Scrolls
 e - a scroll of immolation
 h - 2 scrolls of teleportation
 k - a scroll of magic mapping
 m - a scroll of amnesia
 s - a scroll of identify
Potions
 g - a potion of mutation
 l - a potion of degeneration
 o - 2 potions of stabbing
 t - 4 potions of curing
Comestibles
 f - 11 rations
 j - 3 chunks of flesh


   Skills:
 - Level 5.0 Fighting
 - Level 1.0 Short Blades
 - Level 6.0 Dodging
 - Level 1.3 Stealth
 + Level 3.0 Shields
 - Level 3.2 Evocations


You had 6 spell levels left.
You didn't know any spells.
Your spell library was empty.

Dungeon Overview and Level Annotations

Branches:
Dungeon (6/15)
 Temple: D:4-7

Altars:
Cheibriados
Fedhas
Gozag
Qazlal
Trog
Uskayaw
Xom
Yredelemnul

Annotations:
D:5 Dowan


Innate Abilities, Weirdness & Mutations

You cannot wear most types of armour.
You are very stealthy in the water. (Stealth+)
You are amphibious.
You can wear up to eight rings at the same time.
You can use your tentacles to constrict eight enemies at once.
Your skin changes colour to match your surroundings (Stealth+).
Your rubbery body absorbs attacks. (AC +1, EV +1)


Message History

You kill Duvessa!
Cheibriados thoroughly appreciates the change of pace.
Dowan seems overcome with grief, but rights himself reflexively soon after.
Dowan seems to find hidden reserves of power!
Your Shields skill gained 2 levels and is now at level 3!
You block Dowan's attack.
Dowan points at you and mumbles some strange words.
The stone arrow misses you.
Things that are here:
a +0 rapier; a +0 scale mail You hit Dowan but do no damage.
You grab Dowan. You constrict Dowan.
Dowan breathes, "And she was my only..."
Dowan gestures at you while chanting. The stone arrow hits you!
You hit Dowan.
Dowan is moderately wounded.
You constrict Dowan.
Dowan hits you with a +0 dagger of electrocution.
You are electrocuted!!
You die...

#.###...........###....
##..รท...>.........#e....
#.o###.........#.....# ###.##
#............##.#####..
....####.........##...........
..................####.#####.
>#....######.###..# #.#
....#........# #e.####.#
.##.....########@.#....##
......#.........#.......#
.......########.........#
#....)..# ###..(....#
#....>).# ##......####
#...)...# ##........#
.......## #........# #.......#
#...[.)..# #.......#
#........#


You could see Dowan.

Vanquished Creatures
  Duvessa (D:5)
  2 ogres (D:4)
  2 scorpions
  A centaur skeleton (D:6)
  A gnoll shaman (D:6)
  An iguana (D:4)
  A worker ant (D:4)
  A howler monkey zombie (D:5)
  Robin (D:4)
  4 gnolls
  4 adders
  A shadow imp (D:5)
  5 oozes
  An adder skeleton (D:6)
  3 worms (D:2)
  4 dart slugs
  3 leopard geckos
  8 orcs
  2 ball pythons
  4 giant cockroaches
  11 hobgoblins
  4 jackals (D:2)
  11 kobolds
  A quokka (D:2)
  5 bats
  7 frilled lizards
  20 goblins
  11 rats
120 creatures vanquished.

Vanquished Creatures (others)
  A gnoll (D:5)
1 creature vanquished.

Grand Total: 121 creatures vanquished

Notes
Turn   | Place    | Note
-------+----------+-------------------------------------------
     0 | D:1      | MisterFreud the Octopode Artificer began the quest for the
                  | Orb.
     0 | D:1      | Reached XP level 1. HP: 13/13 MP: 3/3
   212 | D:1      | Reached XP level 2. HP: 19/19 MP: 4/4
   564 | D:1      | Reached XP level 3. HP: 25/25 MP: 5/5
   988 | D:2      | Reached XP level 4. HP: 23/33 MP: 6/6
  1446 | D:2      | Found a faded altar of an unknown god.
  1826 | D:2      | Noticed a phantom
  2076 | D:2      | Reached XP level 5. HP: 26/38 MP: 7/7
  2403 | D:3      | Reached skill level 5 in Fighting
  2880 | D:4      | Noticed an ogre
  2890 | D:4      | Killed an ogre
  2890 | D:4      | Reached skill level 3 in Dodging
  2890 | D:4      | Reached XP level 6. HP: 22/45 MP: 8/8
  2906 | D:4      | Reached skill level 4 in Dodging
  3093 | D:4      | Found a shimmering altar of Xom.
  3115 | D:4      | Found a bloodstained altar of Trog.
  3227 | D:4      | Found a basalt altar of Yredelemnul.
  3237 | D:4      | Found a hide-covered altar of Uskayaw.
  3244 | D:4      | Found a blossoming altar of Fedhas.
  3367 | D:4      | Found an opulent altar of Gozag.
  3431 | D:4      | Noticed Robin
  3437 | D:4      | Reached skill level 5 in Dodging
  3442 | D:4      | Killed Robin
  3826 | D:4      | Reached XP level 7. HP: 30/50 MP: 9/9
  4093 | D:4      | Found a snail-covered altar of Cheibriados.
  4097 | D:4      | Became a worshipper of Cheibriados the Contemplative
  4103 | D:4      | Found a stormy altar of Qazlal.
  4140 | D:5      | Entered Level 5 of the Dungeon
  4140 | D:5      | Noticed Duvessa
  4140 | D:5      | Noticed Dowan
  4492 | D:5      | Reached skill level 6 in Dodging
  4560 | D:5      | Reached skill level 1 in Shields
  4577 | D:5      | Killed Duvessa
  4580 | D:5      | Slain by Dowan

Levels and vault maps discovered:
D:1:      dpeg_arrival_rhombus, layout_loops_ring, corexii_corridor_pit
D:2:      layout_loops_ring, chequers_ecumenical_altar_simple_redux,
          hangedman_decor_peaks_small, minivault_19, minmay_joined_circles
D:3:      layout_basic, hex_medium
D:4:      layout_basic, nicolae_gozag_seed_capital,
          grunt_temple_overflow_octagram, first_ration, kennysheep_another_room,
          minivault_14, uniq_robin
D:5:      layout_rooms, minmay_starry_boxes, uniq_duvessa
D:6:      layout_cave_pools

Skill      XL: |  1  2  3  4  5  6  7 |
---------------+----------------------+-----
Fighting       | 2 3 4 5 |  5.0
Dodging        | 3 5 6 |  6.0
Shields        | 3 |  3.0
Short Blades   | |  1.0
Stealth        | |  1.3
Evocations     | |  3.2

Action                   |  1- 3 |  4- 6 |  7- 9 || total
-------------------------+-------+-------+-------++-------
Melee: Short sword       |    82 |   171 |    47 ||   300
       Constrict         |    20 |    49 |    11 ||    80
       Tentacles         |    13 |    37 |    17 ||    67
Evoke: Wand              |       |       |     3 ||     3
  Use: Scroll            |       |     8 |     4 ||    12
       Potion            |       |       |     1 ||     1
 Stab: Sleeping          |    13 |    12 |     1 ||    26
  Eat: Chunk             |       |     9 |     3 ||    12
Armor: Skin              |     5 |     5 |     3 ||    13
Dodge: Dodged            |    53 |    83 |    12 ||   148
Block: Tower shield      |       |    22 |    30 ||    52

Table legend:
 A = Non-vault XP
 B = Vault XP
 C = Vault XP percentage of total XP
 D = Non-vault monster count
 E = Vault monster count
 F = Vault count percentage of total count
                 A         B        C        D         E       F
            +---------+---------+-------+---------+---------+-------
      Total |     830 |     225 |  21.3 |      96 |      24 |  20.0
            +---------+---------+-------+---------+---------+-------
        D:1 |      56 |       0 |   0.0 |      24 |       0 |   0.0
        D:2 |      68 |      46 |  40.4 |      26 |      14 |  35.0
        D:3 |      61 |       0 |   0.0 |      24 |       0 |   0.0
        D:4 |     404 |      30 |   6.9 |      11 |       9 |  45.0
        D:5 |     138 |     149 |  51.9 |       6 |       1 |  14.3
        D:6 |     103 |       0 |   0.0 |       5 |       0 |   0.0
            +---------+---------+-------+---------+---------+-------
